 Dungeon Crawl Stone Soup version 0.29.0-4-gdea44cf6ec (webtiles) character file.

Game seed: 10801635258991526826

2578 qw the Protected (level 9, -3/54 HPs)
             Began as a Tengu Warper on Aug 28, 2022.
             Succumbed to a hornet's poison
             ... on level 7 of the Dungeon.
             The game lasted 00:00:44 (5954 turns).

qw the Protected (Tengu Warper)                     Turns: 5954, Time: 00:00:44

Health: -3/54      AC: 18    Str: 16    XL:     9   Next: 57%
Magic:  13/13      EV:  8    Int: 14    God:
Gold:   305        SH:  5    Dex: 16    Spells: 12/12 levels left

rFire   . . .      SeeInvis .   e - +5 hand axe "Vesiut" {vorpal, Drain rElec Dex+3}
rCold   . . .      Faith    .   (no shield)
rNeg    + . .      Spirit   .   r - +0 plate armour
rPois   +          Reflect  +   (helmet restricted)
rElec   +          Harm     .   f - scarf {repulsion}
rCorr   .          Rampage  .   o - +1 pair of gloves
Will    .....                   (boots unavailable)
Stlth   ..........              b - amulet of reflection
HPRegen 0.18/turn               l - ring of positive energy
MPRegen 0.13/turn               c - ring of poison resistance

@: lethally poisoned (-3 -> -16), flying quickly and evasively, slowed, repel
missiles, very slow
A: beak, talons 3, nimble flight
a: no special abilities


You were on level 7 of the Dungeon.
You visited 1 branch of the dungeon, and saw 7 of its levels.

You collected 305 gold pieces.


Innate Abilities, Weirdness & Mutations

You have a beak for a mouth.
You have claws for feet.
Your magical nature lets you fly swiftly and evasively.


   Skills:
 + Level 5.3 Fighting
 - Level 12.0 Axes
 - Level 1.0 Throwing
 - Level 13.0 Armour
 - Level 3.6 Dodging
 - Level 2.0 Spellcasting
 - Level 2.4 Translocations


You had 12 spell levels left.
You didn't know any spells.
Your spell library contained the following spells:

 Spells                   Type           Power      Damage    Failure   Level
 Blink                    Tloc           16%        N/A       97%         2
 Gell's Gravitas          Tloc           8%         N/A       99%         3
 Lesser Beckoning         Tloc           8%         N/A       99%         3
 Teleport Other           Tloc           8%         N/A       99%         3
 Manifold Assault         Tloc           8%         N/A       100%        5

Inventory:

Hand Weapons
 e - the +5 hand axe "Vesiut" (weapon) {vorpal, Drain rElec Dex+3}
   (You found it on level 4 of the Dungeon)

   It inflicts extra damage upon your enemies.
   Dex:       It affects your dexterity (+3).
   rElec:     It insulates you from electricity.
   Drain:     It drains your maximum health when unequipped.
 n - a +0 flail
Armour
 f - a scarf of repulsion (worn)
 o - a +1 pair of gloves (worn)
 p - a +0 cloak
 r - a +0 plate armour (worn)
Jewellery
 b - an amulet of reflection (around neck)
 c - a ring of poison resistance (right hand)
 l - a ring of positive energy (left hand)
Scrolls
 m - a scroll of identify
Potions
 a - a potion of brilliance {unknown}
 d - a potion of might
 g - a potion of curing
 i - a potion of cancellation {unknown}
 j - a potion of mutation {unknown}
 k - a potion of haste {unknown}

Dungeon Overview and Level Annotations

Branches:
Dungeon (7/15)
 Temple: D:4-7

Altars:
Ashenzari
Cheibriados
Kikubaaqudgha
Ru
Uskayaw
Wu Jian
Yredelemnul

Annotations:
D:4 1 runed translucent door


Message History

The sky beast is severely wounded.
You hit something. You slash the gnoll!
You kill the gnoll!
You hit the hornet. The gnoll barely misses you. The hornet stings you.
You slash the sky beast!
The sky beast is almost dead.
You barely miss something. You barely miss the hornet.
The gnoll is no longer moving quickly.
You hear some strange, mumbled words.
Something tries to affect you, but you resist.
The sky beast hits you but does no damage.
The hornet stings you but does no damage.
The gnoll barely misses you.
You hit the sky beast but do no damage. You claw the sky beast.
You kill the sky beast!
You hit the ogre. You hit the hornet. You hit something. The hornet stings you.
You feel yourself slow down. You block the ogre's attack.
You block something's attack.
You hit the hornet. Your kick misses the hornet. Your peck misses the hornet.
The hornet is severely wounded.
You slash the ogre! You miss something.
The hornet stings you but does no damage.
The gnoll completely misses you. Something hits you but does no damage.
You hit the hornet. Your peck misses the hornet.
The hornet is almost dead.
You hit the ogre. You closely miss something. The hornet stings you.
The ogre hits you with a +0 giant club. You block the gnoll's attack.
The hornet stings you.
You are lethally poisoned!
You hear some strange, mumbled words.
A magic dart appears from out of thin air!
The magic dart hits you but does no damage.
You hit the hornet but do no damage. You peck the hornet.
The hornet is almost dead.
You hit something.
Reactivating autopickup.
You feel a bit more experienced.
You slash the ogre!
You kill the ogre!
You die...

.... ... .. ... ...
#... .. ....
....... .##....
........###.g...
.......##.)).#
##......##.@)###
........#..)y..#..
....$.............#
.....#.....##....##
..........?........
..............#....
.......<.....####..
............####...
....##............


You could see a hornet and a gnoll.

Vanquished Creatures
  Sigmund (D:6)
  4 yaks (D:6)
  A water moccasin (D:5)
  A black bear (D:6)
  A sky beast (D:7)
  4 ogres
  A necrophage (D:5)
  A howler monkey (D:6)
  2 jellies (D:6)
  A gnoll bouda (D:7)
  6 hounds
  7 iguanas
  3 orc wizards
  Robin (D:3)
  6 gnolls
  6 adders
  2 shadow imps (D:5)
  A white imp (D:5)
  3 ufetubi
  6 dart slugs
  23 orcs
  14 bats
  13 endoplasms
  A giant cockroach (D:2)
  10 goblins
  16 hobgoblins
  5 quokkas
  6 ball pythons
  2 frilled lizards
  A goblin zombie (D:4)
  A jackal skeleton (D:4)
  A jackal zombie (D:4)
  9 kobolds
  A rat (D:2)
161 creatures vanquished.

Vanquished Creatures (others)
  A plant (D:3)
1 creature vanquished.

Grand Total: 162 creatures vanquished

Notes
Turn   | Place    | Note
-------+----------+-------------------------------------------
     0 | D:1      | qw the Tengu Warper began the quest for the Orb.
     0 | D:1      | Reached XP level 1. HP: 12/12 MP: 4/4
     0 | D:1      | 0 ||| qw: Version: 0.1-a-89-g26bdef1
     0 | D:1      | 0 ||| qw: Game counter: 1169
     0 | D:1      | 0 ||| qw: Always use a shield: true
     0 | D:1      | 0 ||| qw: God list: Okawaru
     0 | D:1      | 0 ||| qw: Allow faded altars: false
     0 | D:1      | 0 ||| qw: Do Orc after D:15 true
     0 | D:1      | 0 ||| qw: Do second Lair branch before Depths: true
     0 | D:1      | 0 ||| qw: Lair rune preference: random
     0 | D:1      | 0 ||| qw: Plans: Normal
     0 | D:1      | 0 ||| PLANNING D:1-11
    78 | D:1      | Reached XP level 2. HP: 10/17 MP: 6/6
   227 | D:1      | Reached skill level 3 in Axes
   863 | D:1      | Reached XP level 3. HP: 21/21 MP: 7/7
  1251 | D:1      | 1251 ||| DROPPING amulet of faith.
  1252 | D:1      | 1252 ||| READING scroll labelled EPATHA YTAAPHU.
  1253 | D:1      | 1253 ||| READING scroll labelled BEMAYB ZAR.
  1254 | D:1      | 1254 ||| READING scroll labelled TAOMME MIGHOGU.
  1255 | D:1      | 1255 ||| DROPPING scroll of blinking.
  1966 | D:2      | 1966 ||| Stepping ~*~*~tactically~*~*~ (stealth).
  1968 | D:2      | 1968 ||| Stepping ~*~*~tactically~*~*~ (stealth).
  2057 | D:2      | Reached XP level 4. HP: 26/26 MP: 8/8
  2309 | D:2      | 2309 ||| UPGRADING to +0 chain mail.
  2319 | D:2      | 2319 ||| DROPPING +0 leather armour.
  2320 | D:2      | 2320 ||| READING scroll labelled ESCHIO YMIPT.
  2321 | D:2      | 2321 ||| DRINKING 2 sedimented coppery potions.
  2322 | D:2      | 2322 ||| DROPPING potion of flight.
  2550 | D:3      | Found a broken altar of Ashenzari.
  2632 | D:3      | 2632 ||| Stepping ~*~*~tactically~*~*~ (stealth).
  2638 | D:3      | Gained mutation: Your magical nature lets you fly swiftly
                  | and evasively. [Tengu growth]
  2638 | D:3      | Reached XP level 5. HP: 30/30 MP: 9/9
  2645 | D:3      | 2645 ||| Stepping ~*~*~tactically~*~*~ (stealth).
  2647 | D:3      | 2647 ||| Stepping ~*~*~tactically~*~*~ (stealth).
  2658 | D:3      | Noticed Robin
  2659 | D:3      | 2659 ||| Stepping ~*~*~tactically~*~*~ (hiding).
  2672 | D:3      | Killed Robin
  2785 | D:3      | 2785 ||| DROPPING +0 club.
  3223 | D:3      | Reached skill level 6 in Axes
  3309 | D:3      | 3309 ||| DROPPING +0 mace.
  3408 | D:3      | 3408 ||| UPGRADING to amulet of reflection.
  3413 | D:3      | 3413 ||| READING scroll labelled FATINK FIZXI.
  3417 | D:3      | 3417 ||| DRINKING 2 coppery potions.
  3418 | D:3      | 3418 ||| DRINKING 2 bubbling blue potions.
  3418 | D:3      | Reached skill level 13 in Armour
  3418 | D:3      | Reached XP level 6. HP: 35/35 MP: 10/10
  3419 | D:3      | 3419 ||| DRINKING potion of experience.
  3419 | D:3      | Reached XP level 7. HP: 40/40 MP: 11/11
  3451 | D:4      | Found an ornate altar of the Wu Jian Council.
  3616 | D:4      | 3616 ||| Stepping ~*~*~tactically~*~*~ (hiding).
  3644 | D:4      | Identified the +5 hand axe "Vesiut" {vorpal, Drain rElec
                  | Dex+3}
  3646 | D:4      | 3646 ||| SWAPPING to +5 hand axe "Vesiut" {vorpal, Drain
                  | rElec Dex+3}.
  3647 | D:4      | 3647 ||| DROPPING +0 hand axe.
  3784 | D:4      | 3784 ||| Stepping ~*~*~tactically~*~*~ (stealth).
  3834 | D:4      | Found a sacrificial altar of Ru.
  3855 | D:4      | 3855 ||| Stepping ~*~*~tactically~*~*~ (stealth).
  3856 | D:4      | 3856 ||| Stepping ~*~*~tactically~*~*~ (stealth).
  3871 | D:4      | 3871 ||| Stepping ~*~*~tactically~*~*~ (stealth).
  3875 | D:4      | Reached skill level 3 in Fighting
  4086 | D:4      | Found a runed translucent door.
  4087 | D:4      | Noticed a human
  4106 | D:4      | Found a basalt altar of Yredelemnul.
  4183 | D:4      | Found a snail-covered altar of Cheibriados.
  4288 | D:4      | 4288 ||| UPGRADING to +0 pair of gloves.
  4293 | D:4      | 4293 ||| UPGRADING to +0 cloak.
  4298 | D:4      | 4298 ||| DROPPING orb of light.
  4299 | D:4      | 4299 ||| READING scroll of enchant armour.
  4299 | D:4      | 4299 ||| ENCHANTING +0 pair of gloves.
  4300 | D:4      | 4300 ||| UPGRADING to ring of positive energy.
  4301 | D:4      | 4301 ||| READING scroll labelled VUXYEC VOIBB.
  4330 | D:5      | Entered Level 5 of the Dungeon
  4344 | D:5      | Reached XP level 8. HP: 46/46 MP: 12/12
  4489 | D:5      | 4489 ||| FLEEEEING.
  4490 | D:5      | 4490 ||| FLEEEEING.
  4494 | D:5      | 4494 ||| FLEEEEING.
  4495 | D:5      | 4495 ||| FLEEEEING.
  4496 | D:5      | 4496 ||| FLEEEEING.
  4497 | D:5      | 4497 ||| FLEEEEING.
  4499 | D:5      | 4499 ||| FLEEEEING.
  4500 | D:5      | 4500 ||| FLEEEEING.
  4505 | D:5      | 4505 ||| FLEEEEING.
  4506 | D:5      | 4506 ||| FLEEEEING.
  4607 | D:5      | 4607 ||| Stepping ~*~*~tactically~*~*~ (stealth).
  4610 | D:5      | 4610 ||| Stepping ~*~*~tactically~*~*~ (hiding).
  4613 | D:5      | 4613 ||| Stepping ~*~*~tactically~*~*~ (hiding).
  4634 | D:5      | 4634 ||| Stepping ~*~*~tactically~*~*~ (hiding).
  4650 | D:5      | 4650 ||| Stepping ~*~*~tactically~*~*~ (stealth).
  4796 | D:5      | Found an ancient bone altar of Kikubaaqudgha.
  4958 | D:5      | 4958 ||| Stepping ~*~*~tactically~*~*~ (stealth).
  4967 | D:5      | 4967 ||| Stepping ~*~*~tactically~*~*~ (stealth).
  5031 | D:5      | Reached skill level 3 in Dodging
  5226 | D:5      | 5226 ||| READING scroll labelled BEFIGO BIBEN.
  5227 | D:5      | 5227 ||| READING 2 scrolls labelled CUTREI ILINA.
  5228 | D:5      | 5228 ||| READING 3 scrolls of identify.
  5228 | D:5      | 5228 ||| IDENTIFYING bubbling black potion
  5229 | D:5      | 5229 ||| READING 2 scrolls of identify.
  5229 | D:5      | 5229 ||| IDENTIFYING blue potion
  5230 | D:5      | 5230 ||| DROPPING potion of invisibility.
  5231 | D:5      | 5231 ||| DROPPING scroll of immolation.
  5347 | D:6      | 5347 ||| Stepping ~*~*~tactically~*~*~ (stealth).
  5438 | D:6      | Noticed a yak
  5438 | D:6      | Noticed a yak
  5439 | D:6      | 5439 ||| Stepping ~*~*~tactically~*~*~ (stealth).
  5453 | D:6      | Killed a yak
  5454 | D:6      | Reached XP level 9. HP: 45/53 MP: 13/13
  5454 | D:6      | 5454 ||| FLEEEEING.
  5489 | D:6      | 5489 ||| Stepping ~*~*~tactically~*~*~ (stealth).
  5497 | D:6      | 5497 ||| Stepping ~*~*~tactically~*~*~ (stealth).
  5502 | D:6      | 5502 ||| Stepping ~*~*~tactically~*~*~ (stealth).
  5512 | D:6      | Reached skill level 12 in Axes
  5518 | D:6      | Found a hide-covered altar of Uskayaw.
  5694 | D:6      | Noticed Sigmund
  5695 | D:6      | 5695 ||| Stepping ~*~*~tactically~*~*~ (hiding).
  5697 | D:6      | 5697 ||| Stepping ~*~*~tactically~*~*~ (hiding).
  5699 | D:6      | 5699 ||| Stepping ~*~*~tactically~*~*~ (hiding).
  5710 | D:6      | Killed Sigmund
  5824 | D:6      | 5824 ||| UPGRADING to +0 plate armour.
  5834 | D:6      | 5834 ||| DROPPING +0 chain mail.
  5835 | D:6      | 5835 ||| READING scroll labelled CIDURH CISMOMN.
  5836 | D:6      | 5836 ||| READING 2 scrolls labelled XABRUT YMEFAA.
  5836 | D:6      | Identified 2 scrolls of acquirement
  5836 | D:6      | 5836 ||| ACQUIRING ring of poison resistance
  5836 | D:6      | Acquired a ring of poison resistance
  5838 | D:6      | 5838 ||| UPGRADING to ring of poison resistance.
  5839 | D:6      | 5839 ||| READING scroll of acquirement.
  5839 | D:6      | 5839 ||| ACQUIRING scarf of repulsion
  5839 | D:6      | Acquired a scarf of repulsion
  5841 | D:6      | 5841 ||| UPGRADING to scarf of repulsion.
  5889 | D:6      | 5889 ||| READING scroll of teleportation.
  5890 | D:6      | 5890 ||| STAIRDANCE
  5938 | D:7      | Noticed a hornet
  5953 | D:7      | HP: 9/54 [hornet (6)]
  5953 | D:7      | HP: 1/54 [hornet (4)]
  5954 | D:7      | Succumbed to a hornet's poison

Levels and vault maps discovered:
D:1:      lemuel_arrival_hallway, layout_loops_cross
D:2:      minmay_razor_zed, layout_rooms
D:3:      layout_loops_corners, nicolae_ashenzari_skybound,
          minmay_misc_feat_plants, uniq_robin
D:4:      layout_loops_ring, lemuel_doored_altar,
          pdpol_wu_jian_five_deadly_venoms, nicolae_ru_sacrificial_ziggurat,
          dk_yredelemnul_ordeal, minmay_mini_jars
D:5:      minmay_recursive_quarters, layout_rooms,
          mainiacjoe_overflow_tiny_flanked, nicolae_figureground_pulse
D:6:      layout_basic, mainiacjoe_overflow_concentric_impassable,
          minmay_temple_entry_enclosed_plants, uniq_sigmund
D:7:      layout_cave_pools, nemelex_dance_club_becter, roderic_serpentine_path,
          hangedman_misty_isle

Skill      XL: |  1  2  3  4  5  6  7  8  9 |
---------------+----------------------------+-----
Axes           | 3 4 5 6 11 12 | 12.0
Armour         | 13 | 13.0
Fighting       | 3 4 5 |  5.3
Dodging        | 3 |  3.6
Throwing       | |  1.0
Spellcasting   | |  2.0
Translocations | |  2.4

Action                   |  1- 3 |  4- 6 |  7- 9 || total
-------------------------+-------+-------+-------++-------
Melee: Hand axe          |    97 |    72 |   219 ||   388
       Kick              |    14 |    18 |    70 ||   102
       Peck              |    15 |    12 |    38 ||    65
       Punch             |       |       |     5 ||     5
Throw: Boomerang         |     7 |       |       ||     7
  Use: Scroll            |     3 |     2 |    10 ||    15
       Potion            |       |     4 |       ||     4
Armor: Leather armour    |    20 |    10 |       ||    30
       Chain mail        |       |    20 |    39 ||    59
       Plate armour      |       |       |    20 ||    20
Dodge: Dodged            |    52 |    34 |    44 ||   130
Block: Other             |       |       |    32 ||    32

Table legend:
 A = Non-vault XP
 B = Vault XP
 C = Vault XP percentage of total XP
 D = Non-vault monster count
 E = Vault monster count
 F = Vault count percentage of total count
                 A         B        C        D         E       F
            +---------+---------+-------+---------+---------+-------
      Total |    2632 |     577 |  18.0 |     118 |      43 |  26.7
            +---------+---------+-------+---------+---------+-------
        D:1 |      42 |       0 |   0.0 |      23 |       0 |   0.0
        D:2 |      40 |      15 |  27.3 |      14 |      11 |  44.0
        D:3 |      95 |      36 |  27.5 |      12 |      12 |  50.0
        D:4 |     186 |     158 |  45.9 |      19 |      13 |  40.6
        D:5 |     594 |     158 |  21.0 |      19 |       6 |  24.0
        D:6 |    1306 |     210 |  13.9 |      22 |       1 |   4.3
        D:7 |     369 |       0 |   0.0 |       9 |       0 |   0.0
            +---------+---------+-------+---------+---------+-------
